 Dungeon Crawl Stone Soup version 0.28.0 (webtiles) character file.

Game seed: 330986588322680528

8915 inmateoo the Martial Artist (level 11, -2/109 HPs)
             Began as a White Draconian Transmuter on Feb 9, 2022.
             Was a High Priest of Cheibriados.
             Slain by a gnoll sergeant (10 damage)
             ... on level 9 of the Dungeon.
             The game lasted 00:21:41 (14011 turns).

inmateoo the Martial Artist (DrTm)                 Turns: 14011, Time: 00:21:42

Health: -2/109     AC:  9    Str: 23    XL:     11   Next: 16%
Magic:  14/18      EV: 14    Int: 29    God:    Cheibriados [*****.]
Gold:   468        SH:  0    Dex: 23    Spells: 7/20 levels left

rFire   x . .      SeeInvis +     - Unarmed
rCold   + + +      Faith    .   (shield currently unavailable)
rNeg    + . .      Spirit   .   (armour unavailable)
rPois   +          Reflect  .   (helmet currently unavailable)
rElec   .          Harm     .   (cloak currently unavailable)
rCorr   .          Rampage  .   (gloves currently unavailable)
Will    .....                   (boots currently unavailable)
Stlth   ++........              (no amulet)
HPRegen 0.28/turn               i - ring of see invisible
MPRegen 0.16/turn               p - ring of positive energy

@: short of breath, ice-form, wereblooded, very slow
A: freezing attack, amphibious, boosted hp, (breathe frost), AC +7, large,
unfitting armour, (cold resistance 1), (cold-blooded)
a: End Transformation, Renounce Religion, Bend Time, Temporal Distortion,
Slouch, Step From Time


You were on level 9 of the Dungeon.
You worshipped Cheibriados.
Cheibriados was extremely pleased with you.
You were a creature of crystalline ice.
You visited 1 branch of the dungeon, and saw 9 of its levels.
You also visited: Sewer and Bailey.

You collected 468 gold pieces.

Inventory:

Missiles
 h - 24 javelins
 q - 30 poisoned darts
 t - 2 silver boomerangs (quivered)
 u - 2 silver javelins
Armour
 d - a scarf of resistance (melded)
 e - the +1 pair of gloves of Valiance (melded) {Str+5}
   (You found it on level 8 of the Dungeon)

   Str:       It affects your strength (+5).
 r - a +2 hat (melded)
Jewellery
 i - a ring of see invisible (left front paw)
 p - a ring of positive energy (right front paw)
 v - a ring of ice
 w - a ring of protection from fire
Wands
 j - a wand of flame (13)
 k - a wand of paralysis (14)
 s - a wand of polymorph (28)
Scrolls
 l - a scroll of teleportation
 m - 3 scrolls of enchant armour
 n - 3 scrolls of identify
Potions
 a - a potion of magic
 b - 3 potions of mutation
 c - 3 potions of might
 g - a potion of brilliance


   Skills:
 + Level 6.8 Fighting
 - Level 3.0 Throwing
 + Level 6.3 Dodging
 * Level 9.6 Unarmed Combat
 - Level 5.0 Spellcasting
 + Level 3.9 Necromancy
 - Level 5.0 Transmutations
 - Level 6.0 Ice Magic
 - Level 4.0 Poison Magic
 - Level 3.0 Invocations
 - Level 3.0 Evocations


You had 7 spell levels left.
You knew the following spells:

 Your Spells              Type           Power      Damage    Failure   Level
a - Beastly Appendage     Tmut           72%        N/A       1%          1
b - Wereblood             Tmut           36%        N/A       1%          2
c - Spider Form           Tmut/Pois      33%        N/A       3%          3
d - Ice Form              Ice/Tmut       39%        N/A       6%          4
e - Vampiric Draining     Necr           30%        2d8       3%          3

Your spell library contained the following spells:

 Spells                   Type           Power      Damage    Failure   Level
 Ensorcelled Hibernation  Hex/Ice        48%        N/A       2%          2
 Passwall                 Tmut/Erth      17%        N/A       3%          2
 Slow                     Hex            28%        N/A       6%          1
 Confusing Touch          Hex            7%         N/A       19%         3
 Swiftness                Air            7%         N/A       19%         3


Dungeon Overview and Level Annotations

Branches:
Dungeon (9/15)             Temple (0/1) D:4             Orc (0/2) D:9
  Sewer (visited)          Bailey (visited)
   Lair: D:8-11

Altars:
Cheibriados
Dithmenos
Gozag
Nemelex Xobeh
Xom

Annotations:
D:5 3 runed translucent doors, Jazqba's ghost, novice OgBe
D:8 Harold


Innate Abilities, Weirdness & Mutations

You are a creature of crystalline ice.
You have a powerful freezing melee attack.
You are amphibious.
Your maximum health is increased.
Your armour is entirely melded.
You are incapable of wielding weapons or throwing items.
((You can breathe waves of freezing cold which knock back foes.))
((Your icy white scales are hard. (AC +7)))
You cannot fit into any form of body armour.
((Your flesh is cold resistant. (rC+)))
((You are cold-blooded and may be slowed by cold attacks.))


Message History

You see here a troll corpse.
The gnoll sergeant blocks your attack.
The gnoll sergeant is severely wounded.
You howl as the wereblood boils in your veins!
You hear a shout!
You hear a bellow! x2
The orc warrior hits you with a +0 glaive!!
* * * LOW HITPOINT WARNING * * *
The gnoll sergeant hits you with a +3 vorpal spear.
* * * LOW HITPOINT WARNING * * *
x2
Okay, then.
Okay, then.
As you read the scroll of fear, it crumbles to dust.
You assume a fearsome visage.
The yak looks frightened!
The orc warrior looks frightened! x2; The gnoll sergeant looks frightened!
An orc priest comes into view. It is wielding a +0 club.
Okay, then.
Okay, then.
Okay, then.
As you read the scroll of teleportation, it crumbles to dust.
You feel strangely unstable. The gnoll sergeant closely misses you.
You fail to use your ability.
The gnoll sergeant hits you but does no damage.
Your surroundings suddenly seem different. 2 yaks come into view.
Found a leather armour.
Found a staircase to the Orcish Mines.
The yak bellows!
You hear a bellow!
A yak comes into view.
The yak moves out of view.
As you read the scroll of teleportation, it crumbles to dust.
You feel strangely unstable.
The yak seems to regain its courage.
A yak comes into view.
You howl as the wereblood boils in your veins!
The yak bellows!
You hear a bellow!
The orc priest mumbles some strange prayers to Beogh against you.
Pain shoots through your body!
* * * LOW HITPOINT WARNING * * *
Your surroundings suddenly seem different.
The gnoll sergeant hits you from afar with a +3 vorpal spear!
You die...

##.###...
#..YY.Y..Y
#Yo#####..#
#..#.# #..#.#.#
##### ...z #Y#[#
...o. #.... #[#g#
...... #....
#o#.##......
#....#
#.#Y#...... ....#
#B#.......
....#####B.#####+
#.......##
###.##.##
#......# #.######
#.# ####'######


You could see a boulder beetle, a yak, a gnoll sergeant and an orc priest.

Vanquished Creatures
  A boulder beetle (D:7)
  Erica (D:8)
  Joseph (D:7)
  Maurice (D:8)
  Maggie (D:8)
  A troll (D:9)
  Sigmund (D:3)
  4 yaks (D:8)
  6 steam dragons
  An acid dragon (Bailey)
  A water moccasin (D:7)
  12 orc warriors (Bailey)
  A sky beast (D:6)
  2 ice beasts (D:8)
  2 necrophages
  4 ogres
  10 centaurs
  4 kobold brigands
  3 bullfrogs
  A water moccasin zombie (D:5)
  8 scorpions
  2 wyvern skeletons (D:7)
  3 water moccasin skeletons
  3 wights (D:6)
  3 jellies
  2 gnoll shamans
  A centaur skeleton (D:7)
  2 hounds
  A bullfrog skeleton (D:7)
  Terence (D:1)
  An iguana (D:4)
  Natasha (thrice) (D:2)
  An orc wizard (D:8)
  A howler monkey zombie (D:7)
  Robin (D:2)
  9 gnolls
  5 adders
  4 river rats (Sewer)
  An ufetubus (D:3)
  3 worms
  2 dart slugs
  34 orcs
  2 bats
  10 endoplasms
  7 giant cockroaches
  15 goblins
  9 hobgoblins
  4 jackals (D:1)
  24 kobolds
  7 quokkas
  11 ball pythons
  3 frilled lizards (D:1)
  3 rats
244 creatures vanquished.

Vanquished Creatures (others)
  A sky beast (D:8)
  4 demonic plants (D:2)
  20 fungi
  19 plants
  3 withered plants (D:2)
47 creatures vanquished.

Grand Total: 291 creatures vanquished

Notes
Turn   | Place    | Note
-------+----------+-------------------------------------------
     0 | D:1      | inmateoo the Draconian Transmuter began the quest for the
                  | Orb.
     0 | D:1      | Reached XP level 1. HP: 16/16 MP: 3/3
    75 | D:1      | Reached XP level 2. HP: 23/23 MP: 3/5
   545 | D:1      | Learned a level 2 spell: Wereblood
   702 | D:1      | Reached XP level 3. HP: 25/29 MP: 4/6
  1067 | D:2      | Noticed Terence
  1068 | D:2      | Noticed Natasha
  1086 | D:1      | Killed Terence
  1363 | D:2      | Killed Natasha
  1364 | D:2      | Reached XP level 4. HP: 17/36 MP: 5/7
  1518 | D:1      | Learned a level 3 spell: Spider Form
  2077 | D:2      | Identified the +2 dagger of a sewer {flame, Str+2}
  2121 | D:2      | Noticed Natasha
  2132 | D:2      | Killed Natasha
  2133 | D:2      | Reached XP level 5. HP: 28/42 MP: 3/9
  2138 | D:2      | Found a faded altar of an unknown god.
  2300 | D:2      | Noticed Robin
  2314 | D:2      | Killed Robin
  2502 | D:2      | Noticed Natasha
  2511 | D:2      | Killed Natasha
  2754 | D:3      | Reached skill level 1 in Poison Magic
  2774 | D:3      | Reached skill level 4 in Unarmed Combat
  2774 | D:3      | Reached XP level 6. HP: 34/51 MP: 7/10
  3149 | D:3      | Found a sparkling altar of Nemelex Xobeh.
  3154 | D:3      | Found a shadowy altar of Dithmenos.
  3167 | D:3      | Found a shimmering altar of Xom.
  3168 | D:3      | Found a snail-covered altar of Cheibriados.
  3184 | D:3      | Became a worshipper of Cheibriados the Contemplative
  3310 | D:3      | Noticed Sigmund
  3321 | D:3      | Killed Sigmund
  3762 | D:3      | Your scales start taking on an icy white colour.
  3762 | D:3      | Reached XP level 7. HP: 7/57 MP: 6/12
  3762 | D:3      | Gained mutation: Your flesh is cold resistant. (rC+) [White
                  | Draconian growth]
  4595 | D:4      | Learned a level 4 spell: Ice Form
  4878 | D:4      | Found a staircase to the Ecumenical Temple.
  4975 | D:4      | Reached skill level 1 in Ice Magic
  5628 | D:5      | Entered Level 5 of the Dungeon
  5643 | D:5      | Found a runed translucent gate.
  5644 | D:5      | Found a runed translucent gate.
  5644 | D:5      | Found a runed translucent gate.
  5645 | D:5      | Found an opulent altar of Gozag.
  5645 | D:5      | Noticed Jazqba's ghost (novice OgBe)
  5963 | D:5      | Reached XP level 8. HP: 53/66 MP: 10/13
  6205 | D:5      | Reached skill level 1 in Invocations
  6304 | D:5      | Reached * piety under Cheibriados
  6305 | D:5      | Reached skill level 1 in Evocations
  6637 | D:5      | Reached skill level 5 in Unarmed Combat
  6950 | D:6      | Found a glowing drain.
  6979 | Sewer    | Entered a sewer
  7752 | D:6      | Reached skill level 5 in Transmutations
  7839 | D:6      | Reached XP level 9. HP: 66/71 MP: 12/15
  8083 | D:6      | Reached skill level 6 in Unarmed Combat
  8105 | D:6      | Reached ** piety under Cheibriados
  8932 | D:7      | Noticed Joseph
  8960 | D:7      | Killed Joseph
  8961 | D:7      | Reached skill level 5 in Fighting
  8961 | D:7      | Reached skill level 7 in Unarmed Combat
  8961 | D:7      | Reached skill level 5 in Spellcasting
  9315 | D:7      | Reached skill level 5 in Ice Magic
  9346 | D:7      | Reached skill level 5 in Dodging
  9385 | D:7      | Noticed a boulder beetle
  9478 | D:7      | Learned a level 3 spell: Vampiric Draining
  9593 | D:7      | Killed a boulder beetle
  9594 | D:7      | Reached skill level 1 in Throwing
  9594 | D:7      | Reached skill level 1 in Necromancy
  9594 | D:7      | Reached XP level 10. HP: 42/81 MP: 14/17
 10189 | D:8      | Noticed Maurice
 10201 | D:8      | Killed Maurice
 10202 | D:8      | Reached skill level 8 in Unarmed Combat
 10234 | D:8      | Found a flagged portal.
 10237 | D:8      | Noticed Maggie
 10394 | D:8      | Identified the +1 pair of gloves of Valiance {Str+5}
 10423 | D:8      | Reached *** piety under Cheibriados
 10441 | D:8      | Killed Maggie
 10449 | Bailey   | Entered a bailey
 11001 | Bailey   | Reached **** piety under Cheibriados
 12034 | Bailey   | HP: 3/83 [orc warrior (15)]
 12042 | Bailey   | Reached skill level 9 in Unarmed Combat
 13062 | D:8      | Reached XP level 11. HP: 91/91 MP: 10/18
 13250 | D:8      | Found an opulent altar of Gozag.
 13341 | D:8      | Noticed Harold
 13861 | D:8      | Noticed Erica
 13874 | D:8      | Killed Erica
 13952 | D:8      | Identified the +3 leather armour "Raobro" {rElec Dex+7
                  | Stlth-}
 13995 | D:9      | Noticed a boulder beetle
 14001 | D:9      | Reached ***** piety under Cheibriados
 14008 | D:9      | Found a staircase to the Orcish Mines.
 14011 | D:9      | Slain by a gnoll sergeant

Illustrated notes

Levels and vault maps discovered:
D:1:      ncdulo_lavacross, layout_basic, minmay_pentomino_p2
D:2:      layout_basic, shapermc_ecumenical_altar_gd, uniq_natasha,
          uniq_terence, uniq_robin
D:3:      layout_basic, minitemple, uniq_sigmund
D:4:      wad_crossroads, layout_basic, temple_statues
D:5:      kennysheep_steamy, layout_basic, ebering_ghost_gozag
D:6:      nicolae_BIG_FREAKIN_CUBE, layout_loops_ring, portal_sewer_entry_f
D:7:      layout_loops_ring, uniq_joseph
D:8:      layout_basic, nicolae_gozag_seed_capital, enter_bailey_6,
          chequers_serial_rivers_room_a, st_stairs_3, uniq_maggie, uniq_harold,
          uniq_erica, uniq_maurice
D:9:      layout_roguey, due_lair_maze_entry_diamond, orc_0_dummy,
          amcnicky_mini_rare_corridor_liquid, minmay_circle_x, uniq_psyche

Skill      XL: |  1  2  3  4  5  6  7  8  9 10 |
---------------+-------------------------------+-----
Dodging        | 2 3 4 5 6 |  6.3
Fighting       | 2 3 4 5 6 |  6.8
Transmutations | 3 4 5 |  5.0
Poison Magic   | 1 2 3 4 |  4.0
Unarmed Combat | 4 5 7 9 |  9.6
Spellcasting   | 3 4 5 |  5.0
Ice Magic      | 2 3 5 6 |  6.0
Invocations    | 2 3 |  3.0
Evocations     | 2 3 |  3.0
Throwing       | 1 3 |  3.0
Necromancy     | 1 3 |  3.9

Action                   |  1- 3 |  4- 6 |  7- 9 | 10-12 || total
-------------------------+-------+-------+-------+-------++-------
Melee: Unarmed           |    87 |   163 |   367 |   177 ||   794
       Kick              |    24 |    24 |    85 |    38 ||   171
       Headbutt          |    13 |    16 |    47 |    17 ||    93
       Tailslap          |    11 |     8 |    55 |    23 ||    97
       Punch             |     1 |     1 |    22 |    10 ||    34
Throw: Boomerang         |       |       |     4 |   104 ||   108
 Cast: Beastly Appendage |    13 |    24 |    43 |    12 ||    92
       Wereblood         |       |    16 |    36 |    14 ||    66
       Spider Form       |       |     4 |     7 |     4 ||    15
       Ice Form          |       |       |       |     4 ||     4
Invok: Temporal Distorti |       |       |       |     1 ||     1
 Abil: Breathe Frost     |       |       |     4 |    13 ||    17
       End Transformatio |       |       |     1 |     1 ||     2
Evoke: Wand              |       |       |     5 |    34 ||    39
  Use: Scroll            |       |     4 |     7 |    13 ||    24
       Potion            |       |       |     8 |       ||     8
 Stab: Paralysed         |       |       |    24 |     8 ||    32
       Sleeping          |       |       |     1 |       ||     1
Armor: Skin              |    17 |    44 |    78 |    72 ||   211
Dodge: Dodged            |    55 |   123 |   216 |   258 ||   652
